Map: Abiogenesis LE

Players

Destruction - Winner!

  • Race: Zerg Zerg
  • League: Gold
  • Spawn Location: 11:00

Infamous

  • Race: Protoss Protoss
  • League: Silver
  • Spawn Location: 5:00

VOD

Have the link to the VOD?

Description

Time

  • Played on: March 19, 2018, 2:41 p.m.
  • Length: 5:38
Show
View Real Time Build Order
Export as new Build Order

Destruction Zerg - Winner!

Build Orders: Hatch First 

Get SALT Encoding   

  12  0:02  Drone  
  13  0:09  Drone  
  14  0:28  Extractor x2, Drone x2  
  16  0:54  Hatchery  
  15  1:01  Spawning Pool  
  14  1:04  Extractor  
  14  1:06  Drone  
  14  1:42  Overlord x2  
  14  2:01  Zergling x4  
  15  2:27  Metabolic Boost  
  15  2:29  Queen  
  15  2:32  Queen  
  19  2:38  Zergling x4  
  21  2:58  Drone x4  
  25  3:13  Lair  
  25  3:23  Zergling x2  
  25  3:24  Zergling x2  
  26  3:57  Zergling x2  
  26  3:58  Zergling x14  
  32  4:10  Zergling x4  
  34  4:26  Zergling x4  
  34  4:42  Zergling x4  
  36  4:46  Overlord x2  
  33  5:00  Zergling x4  
  32  5:21  Zergling x8  
  35  5:29  Hydralisk Den  
Show
View Real Time Build Order
Export as new Build Order

Infamous Protoss 

Build Orders:  

Get SALT Encoding   

  12  0:01  Probe  
  13  0:14  Pylon  
  13  0:18  Probe  
  14  0:30  Probe  
  14  0:35  Gateway  
  15  0:50  Probe  
  15  0:56  Pylon  
  16  1:02  Probe  
  17  1:04  Assimilator  
  17  1:24  Cybernetics Core  
  17  1:27  Probe  
  18  1:32  Assimilator  
  18  1:37  Pylon  
  18  1:39  Probe, Zealot (Chrono Boost)  
  21  1:51  Probe  
  22  1:56  Warp Gate (Chrono Boost)  
  22  2:14  Robotics Facility  
  22  2:32  Probe  
  22  2:43  Stalker  
  24  2:52  Pylon  
  24  2:53  Probe  
  25  3:01  Observer  
  27  3:05  Probe  
  27  3:17  Twilight Council  
  27  3:26  Gateway  
  27  3:28  Gateway  
  25  4:00  Probe  
  26  4:06  Zealot  
  26  4:09  Immortal  
  28  4:24  Stalker x2  
  27  4:46  Forge  
  27  4:47  Stalker  
  18  5:01  Zealot x2  
Tags
 
Add a new tag
Caveats
  • Supply blocks, unpowered buildings, or Contaminate may cause inaccurate times.
  • Supply counts are checked every 10 seconds.